 Dungeon Crawl Stone Soup version 0.27-a0-1529-g1e82c303ef (webtiles) character file.

Game seed: 9532675792353481314

106 Hasart the Chopper (level 4, -2/38 HPs)
             Began as a Demigod Fighter on July 12, 2021.
             Asphyxiated
             ... on level 3 of the Dungeon.
             The game lasted 00:02:53 (2713 turns).

Hasart the Chopper (Demigod Fighter)                Turns: 2713, Time: 00:02:54

Health: -2/38      AC:  7    Str: 21    XL:     4   Next: 30%
Magic:  6/6        EV:  7    Int: 10    God:
Gold:   108        SH:  9    Dex: 13    Spells: 3/3 levels left

rFire    . . .     SeeInvis .   a - +0 war axe
rCold    . . .     Faith    .   c - +0 kite shield
rNeg     . . .     Spirit   .   b - +0 scale mail
rPois    .         Reflect  .   f - +0 helmet
rElec    .         Harm     .   (no cloak)
rCorr    .         Rampage  .   (no gloves)
Will     .....                  (no boots)
Stlth    ..........             (no amulet)
HPRegen  0.12/turn              (no ring)
MPRegen  0.10/turn              (no ring)

@: lethally poisoned (-2 -> -14)
A: high mp 1, forlorn
a: no special abilities


You were on level 3 of the Dungeon.
You visited 1 branch of the dungeon, and saw 3 of its levels.

You collected 108 gold pieces.

Inventory:

Hand Weapons
 a - a +0 war axe (weapon)
Missiles
 j - 15 poisoned darts (quivered)
Armour
 b - a +0 scale mail (worn)
 c - a +0 kite shield (worn)
 f - a +0 helmet (worn)
Jewellery
 e - a ring of protection from fire
Wands
 l - a wand of iceblast (12)
Scrolls
 g - 2 scrolls of holy word {unknown}
 i - 2 scrolls of identify {unknown}
 n - a scroll of fog {unknown}
 o - a scroll of teleportation {unknown}
 p - 2 scrolls of noise {unknown}
Potions
 d - a potion of might
 h - a potion of flight {unknown}
 k - a potion of magic {unknown}
 m - a potion of haste {unknown}


   Skills:
 + Level 3.4 Fighting
 * Level 3.6 Axes
 + Level 0.7 Throwing
 - Level 2.6 Armour
 - Level 2.6 Shields


You had 3 spell levels left.
You didn't know any spells.
Your spell library contained the following spells:

 Spells                   Type           Power      Damage    Failure   Level
 Apportation              Tloc           0%         N/A       99%         1
 Corona                   Hex            0%         N/A       99%         1
 Ensorcelled Hibernation  Hex/Ice        0%         N/A       100%        2
 Tukima's Dance           Hex            0%         N/A       100%        3
 Alistair's Intoxication  Tmut/Pois      0%         N/A       100%        5
 Invisibility             Hex            0%         N/A       100%        6


Dungeon Overview and Level Annotations

Branches:
Dungeon (3/15)


Innate Abilities, Weirdness & Mutations

Your attributes grow dramatically as you level up.
You have an increased reservoir of magic. (+10% MP)
You shall have no god before yourself.


Message History

No target in view!
No target in view!
No target in view!
No target in view!
No target in view!
No target in view!
No target in view!
No target in view!
No target in view!
No target in view!
No target in view!
No target in view!
p - 2 scrolls labelled SIEQUI ELIUNT (gained 1)
Items here: )) [ †††.
An orc comes into view.
It is wielding a +0 falchion and quivering curare-tipped darts.
An orc is nearby!
Things that are here:
a +0 whip; a scroll labelled KALILI EBIOLO; an orc corpse An orc priest comes into view.
It is wielding a +0 club.
The orc priest shouts!
You hear a shout! x2
The orc throws a curare-tipped dart.
The curare-tipped dart closely misses you.
An orc comes into view. It is wielding a +0 mace.
The orc shouts!
You block the orc's attack.
You barely miss the orc.
A hobgoblin comes into view. It is wielding a +0 spear.
The orc hits you with a +0 falchion.
Things that are here:
a +0 whip; a scroll labelled KALILI EBIOLO; an orc corpse The orc priest invokes the aid of Beogh against you.
Beogh smites you! The orc hits you with a +0 falchion.
The orc priest mumbles some strange prayers to Beogh against you.
Pain shoots through your body!
* * * LOW HITPOINT WARNING * * *
Items here: )) [ †††.
The orc throws a curare-tipped dart.
The curare-tipped dart hits you.
You are lethally poisoned!
You have difficulty breathing.
You die...

## #. ##.....##
##############.
#.......####..............
#.......#....#############
#.......####.#...## #.....
#......#
#...######......#####
#######'##.)@............##
......g..)o####.#...#.#.#.###
.......o...# #......>.###..#
...........# ###...#.## ##..
#######'#### ##.##..###.<#
#... #.##...#.### #....
#.##..#.## #.....
#.##..###### #......
#...........


You could see 2 orcs and a hobgoblin.

Vanquished Creatures
  Ijyb (D:3)
  2 adders
  A worm (D:2)
  2 orcs (D:3)
  7 bats
  An endoplasm (D:1)
  2 giant cockroaches
  4 goblins
  3 hobgoblins
  4 jackals (D:1)
  3 quokkas (D:2)
  7 ball pythons
  3 frilled lizards
  9 kobolds
  5 rats
54 creatures vanquished.

Notes
Turn   | Place    | Note
-------+----------+-------------------------------------------
     0 | D:1      | Hasart the Demigod Fighter began the quest for the Orb.
     0 | D:1      | Reached XP level 1. HP: 18/18 MP: 3/3
   261 | D:1      | Reached XP level 2. HP: 17/25 MP: 4/4
  1407 | D:2      | Reached XP level 3. HP: 24/31 MP: 5/5
  2432 | D:3      | Noticed Ijyb
  2450 | D:3      | Killed Ijyb
  2451 | D:3      | Reached XP level 4. HP: 27/38 MP: 6/6
  2713 | D:3      | Asphyxiated

Illustrated notes

Levels and vault maps discovered:
D:1:      minmay_arrival_jagged, layout_basic, ebering_ecumenical_altar_hall,
          hex_medium, chequers_serial_rivers_small_3, minmay_tetromino_o2
D:2:      layout_loops_corners, basic_altar, roderic_lattice_a
D:3:      kennysheep_six_static_rooms, layout_loops_ring, uniq_ijyb

Skill      XL: |  1  2 |
---------------+-------+-----
Axes           | 2 3 |  3.6
Fighting       | 3 |  3.4
Throwing       | |  0.7
Armour         | |  2.6
Shields        | |  2.6

Action                   |  1- 3 |  4- 6 || total
-------------------------+-------+-------++-------
Melee: War axe           |   124 |    31 ||   155
Throw: Dart              |     3 |       ||     3
Armor: Scale mail        |    75 |    13 ||    88
Dodge: Dodged            |    37 |    17 ||    54
Block: Kite shield       |    72 |    27 ||    99

Table legend: (Time is in decaauts)
 A = Elapsed time spent in this place.
 B = Non-inter-level travel time spent in this place.
 C = Inter-level travel time spent in this place.
 D = Time resting spent in this place.
 E = Time spent auto-exploring this place.
 F = Levels seen in this place.
 G = Mean time per level.
                   A        B        C        D        E       F      G
               +--------+--------+--------+--------+--------+-----+--------+
         Total |   2807 |   2699 |    108 |      0 |   2294 |   3 |  935.7 |
       Dungeon |   2807 |   2699 |    108 |      0 |   2294 |   3 |  935.7 |
               +--------+--------+--------+--------+--------+-----+--------+

Top non-repeatable levels by time:
     D:2: 1336 daAuts
     D:1: 1076 daAuts
     D:3: 395 daAuts
